 Dungeon Crawl Stone Soup version 0.27.0-1-g7a089689b8 (webtiles) character file.

Game seed: 10925141500896098941

1722 hofbold the Sneak (level 9, -5/58 HPs)
             Began as an Octopode Venom Mage on Aug 14, 2021.
             Was an Initiate of Hepliaklqana.
             Slain by Joseph (14 damage)
             ... while paralysed by Joseph
             ... on level 7 of the Dungeon on Aug 15, 2021.
             The game lasted 00:22:22 (10229 turns).

hofbold the Sneak (Octopode Venom Mage)            Turns: 10229, Time: 00:22:23

Health: -5/58      AC:  1    Str:  7    XL:     9   Next: 4%
Magic:  9/15       EV:  2    Int: 21    God:    Hepliaklqana [......]
Gold:   71         SH:  0    Dex: 12    Spells: 6/16 levels left

rFire    . . .     SeeInvis .   a - +1 short sword (elec)
rCold    + + +     Faith    .   l - +0 buckler
rNeg     + . .     Spirit   .   (helmet restricted)
rPois    +         Reflect  .   z - amulet of the acrobat
rElec    .         Harm     .   f - ring of poison resistance
rCorr    .         Rampage  .   j - ring of protection from cold
Will     .....                  o - ring of protection from cold
Stlth    ++++......             q - ring of protection from cold
HPRegen  0.19/turn              w - ring of positive energy
MPRegen  0.14/turn              (no ring)
                                (no ring)
                                (no ring)

@: paralysed
A: almost no armour, amphibious, 8 rings, camouflage 1, gelatinous body 1,
(nimble swimmer 1), tentacles
a: Renounce Religion


You were on level 7 of the Dungeon.
You worshipped Hepliaklqana.
Hepliaklqana was noncommittal.
You visited 2 branches of the dungeon, and saw 9 of its levels.

You collected 401 gold pieces.
You spent 330 gold pieces at shops.

Inventory:

Hand Weapons
 a - a +1 short sword of electrocution (weapon)
 d - a +0 dagger of electrocution
Missiles
 g - 2 javelins
 k - a throwing net
 t - 11 poisoned darts (quivered)
 u - 5 curare-tipped darts
Armour
 l - a +0 buckler (worn)
Jewellery
 f - a ring of poison resistance (left tentacle)
 j - a ring of protection from cold (right tentacle)
 o - a ring of protection from cold (on tentacle)
 q - a ring of protection from cold (on tentacle)
 w - a ring of positive energy (on tentacle)
 z - an amulet of the acrobat (around mantle)
Wands
 x - a wand of paralysis (4)
Scrolls
 c - 3 scrolls of enchant armour {unknown}
 n - 4 scrolls of identify {unknown}
 s - a scroll of fog {unknown}
 y - a scroll of brand weapon
Potions
 b - 4 potions of curing
 e - a potion of attraction {unknown}
 h - a potion of heal wounds {unknown}
 i - 2 potions of flight {unknown}
 m - 2 potions of brilliance {unknown}
 p - a potion of magic {unknown}
 r - a potion of degeneration {unknown}
 v - a potion of might {unknown}


   Skills:
 + Level 3.7 Fighting
 + Level 4.5 Dodging
 + Level 6.3 Stealth
 + Level 3.7 Shields
 + Level 4.1 Spellcasting
 + Level 2.0 Conjurations
 + Level 4.0 Transmutations
 + Level 6.1 Poison Magic
 + Level 1.4 Invocations
 + Level 0.9 Evocations


You had 6 spell levels left.
You knew the following spells:

 Your Spells              Type           Power      Damage    Failure   Level
a - Sting                 Tmut/Pois      100%       1d8       1%          1
b - Poisonous Vapours     Pois/Air       34%        N/A       4%          2
c - Mephitic Cloud        Conj/Pois/Air  15%        N/A       12%         3
d - Olgreb's Toxic Radia  Pois           30%        N/A       10%         4

Your spell library contained the following spells:

 Spells                   Type           Power      Damage    Failure   Level
 Magic Dart               Conj           48%        1d5       4%          1
 Call Imp                 Summ           4%         N/A       19%         2
 Corpse Rot               Necr/Air       N/A        N/A       19%         2
 Freezing Cloud           Conj/Ice/Air   3%         6-21      94%         5


Dungeon Overview and Level Annotations

Branches:
Dungeon (8/15)             Temple (1/1) D:6
   Lair: D:8-11

Altars:
Ashenzari
Cheibriados
Dithmenos
Elyvilon
Fedhas
Gozag
Hepliaklqana
Kikubaaqudgha
Makhleb
Nemelex Xobeh
Okawaru
Qazlal
Ru
Sif Muna
Trog
Uskayaw
Vehumet
Xom
Yredelemnul
Zin
The Shining One

Shops:
D:2 =   D:4 *?   D:5 *

Annotations:
D:7 Joseph


Innate Abilities, Weirdness & Mutations

You cannot wear most types of armour.
You are amphibious.
You can wear up to eight rings at the same time.
Your skin changes colour to match your surroundings (Stealth+).
Your rubbery body absorbs attacks. (AC +1, EV +1)
((You are camouflaged near water. (Stealth+)))
You have tentacles for arms and can constrict up to eight enemies at once.


Message History

You see here a +0 club.
Found an escape hatch in the floor.
A bullfrog comes into view.
Found a scroll of noise.
The helpless bullfrog fails to defend itself.
You puncture the bullfrog!
Lightning courses through the bullfrog!!
You kill the bullfrog!
You open the door.
There is an open door here.
You open the door.
Joseph, a Mercenary comes into view.
He is wielding a +0 quarterstaff and carrying a wand of paralysis (10).
Found 15 gold pieces and a golden potion.
There is an open door here.
The helpless Joseph fails to defend himself.
You puncture Joseph! Lightning courses through Joseph! You grab Joseph.
Joseph is heavily wounded.
You constrict Joseph. Joseph misses you.
Casting: Olgreb's Toxic Radiance (dangerous; 10% risk of failure)
Confirm with . or Enter, or press ? or * to list all spells.
You begin to radiate toxic energy.
Joseph is poisoned.
You constrict Joseph.
Joseph zaps a wand.
You easily resist.
Casting: Olgreb's Toxic Radiance (dangerous; 10% risk of failure)
Confirm with . or Enter, or press ? or * to list all spells.
Aiming: Poisonous Vapours (safe; 4% risk of failure)
Press: ? - help, Dir - move target, f - Joseph
Aim: Joseph, wielding a +0 quarterstaff, wearing a +0 ring mail, quivering sling bullets and carrying a wand of paralysis (9) (heavily wounded, constricted by you, poisoned) Poisonous vapours surround Joseph!
Joseph looks even sicker. x2
Your toxic aura wanes.
You constrict Joseph.
Joseph hits you with a +0 quarterstaff!!
You hit Joseph but do no damage.
Joseph is severely wounded.
You constrict Joseph. Joseph hits you with a +0 quarterstaff!
Joseph zaps a wand.
You suddenly lose the ability to move!
You lose your grip on Joseph.
Joseph hits you with a +0 quarterstaff!!
* * * LOW HITPOINT WARNING * * *
Joseph hits you with a +0 quarterstaff!
You die...

#.....#... ...
#.....#... #.#
#.....#### ######.###
#......... #........#
#......... #.......!#
..#.........
+.......$#...+.........
#.....@..#...#........#
#@####..#....#####
##...##..#....#....
#........#)...#C...
#........#....#....
##.......#....#....
#.......#...>#..##
#######'#....# #
.............# #
......†......# #


You could see Joseph (very poisoned).

Vanquished Creatures
  2 water moccasins
  An orc warrior (D:5)
  A black bear (D:5)
  An ogre (D:4)
  A centaur (D:7)
  A kobold brigand (D:6)
  A gnoll sergeant (D:7)
  2 bullfrogs (D:7)
  2 water moccasin skeletons (D:4)
  3 killer bees (D:4)
  A jelly (D:4)
  3 hounds
  A bullfrog skeleton (D:6)
  2 gnoll shamans
  An iguana (D:5)
  5 orc wizards
  A howler monkey zombie (D:7)
  9 gnolls
  10 adders
  A shadow imp (D:6)
  A white imp (D:8)
  An ufetubus (D:7)
  3 worms
  23 orcs
  A bat (D:3)
  5 endoplasms
  4 giant cockroaches
  3 goblins
  5 hobgoblins (D:1)
  12 jackals
  4 kobolds
  4 quokkas
  6 ball pythons
  2 frilled lizards
  2 rats (D:3)
125 creatures vanquished.

Notes
Turn   | Place    | Note
-------+----------+-------------------------------------------
     0 | D:1      | hofbold the Octopode Venom Mage began the quest for the
                  | Orb.
     0 | D:1      | Reached XP level 1. HP: 11/11 MP: 3/3
   461 | D:1      | Reached XP level 2. HP: 17/17 MP: 0/5
   547 | D:1      | Found a faded altar of an unknown god.
  1306 | D:2      | Learned a level 2 spell: Poisonous Vapours
  1313 | D:2      | Reached XP level 3. HP: 22/22 MP: 1/6
  1807 | D:2      | Found a snail-covered altar of Cheibriados.
  2060 | D:2      | Found Buposio's Jewellery Shoppe.
  2590 | D:2      | Reached skill level 1 in Fighting
  3116 | D:3      | Reached XP level 4. HP: 24/28 MP: 7/7
  3242 | D:3      | Found an ancient bone altar of Kikubaaqudgha.
  3755 | D:4      | Learned a level 3 spell: Mephitic Cloud
  3913 | D:4      | Reached skill level 1 in Shields
  3913 | D:4      | Reached XP level 5. HP: 10/33 MP: 3/8
  4369 | D:4      | Reached XP level 6. HP: 36/39 MP: 8/10
  4374 | D:4      | Learned a level 4 spell: Olgreb's Toxic Radiance
  4926 | D:4      | Reached XP level 7. HP: 45/45 MP: 6/11
  5341 | D:4      | Found Fochaor's Magic Scroll Shoppe.
  5528 | D:4      | Found Dimiog's Serpentskin Sales.
  5541 | D:4      | Reached skill level 5 in Poison Magic
  5706 | D:5      | Entered Level 5 of the Dungeon
  5811 | D:5      | You fall into a shaft and drop 3 floors!
  5812 | D:8      | Noticed a swamp worm
  6018 | D:7      | Reached skill level 5 in Stealth
  6178 | D:5      | Found Voedioq's General Store.
  6223 | D:5      | Reached XP level 8. HP: 27/52 MP: 5/13
  6393 | D:5      | Reached skill level 1 in Conjurations
  6479 | D:5      | Found a hide-covered altar of Uskayaw.
  6928 | D:5      | Found a basalt altar of Yredelemnul.
  7436 | D:5      | Found a stormy altar of Qazlal.
  7436 | D:5      | Found a burning altar of Makhleb.
  7437 | D:5      | Found a shimmering blue altar of Sif Muna.
  7898 | D:6      | Found a staircase to the Ecumenical Temple.
  7978 | Temple   | Entered the Ecumenical Temple
  8030 | Temple   | Became a worshipper of Hepliaklqana the Forgotten
  9150 | D:7      | Paralysed by an orc for 7 turns
  9622 | D:7      | Reached skill level 1 in Invocations
  9786 | D:7      | Reached XP level 9. HP: 44/58 MP: 15/15
  9899 | D:7      | Noticed a cyclops
 10014 | D:2      | Bought an amulet of the acrobat for 330 gold pieces
 10222 | D:7      | Noticed Joseph
 10227 | D:7      | Paralysed by Joseph for 4 turns
 10229 | D:7      | Slain by Joseph

Illustrated notes

Levels and vault maps discovered:
D:1:      wander_arrival_fairy_ring, layout_basic,
          ebering_ecumenical_altar_sacrificial
D:2:      layout_basic, serial_shops, shop, basic_altar
D:3:      layout_basic, kiku_gazebo_garden_becter, minmay_close_crescents
D:4:      layout_loops_ring, serial_shops, kennysheep_little_box,
          guppyfry_shop_venom
D:5:      layout_loops_ring, nicolae_uskayaw_dance_hall, lemuel_crystal_altar,
          gammafunk_temple_overflow_claw, skrybe_limestone_x,
          nicolae_stop_n_shop_2
D:6:      layout_basic, minmay_temple_entry_junction
D:7:      layout_gridville, hellmonk_bongcloud_opening, uniq_joseph
D:8:      layout_cave_pods, pdpol_wu_jian_five_deadly_venoms, serial_shops,
          nicolae_diamond_shop, nicolae_shop_waterfront, fountainhead,
          fungi_pond_lemuel, chequers_serial_rivers_micro_a, minmay_shop_mayhem,
          worms_lemuel, uniq_maurice, uniq_maggie
Temple:   regret_index_temple_generic_petals

Skill      XL: |  1  2  3  4  5  6  7  8 |
---------------+-------------------------+-----
Stealth        | 3 4 5 6 |  6.3
Poison Magic   | 4 5 6 |  6.1
Fighting       | 1 2 3 |  3.7
Shields        | 1 2 3 |  3.7
Transmutations | 2 3 4 |  4.0
Dodging        | 3 4 |  4.5
Spellcasting   | 3 4 |  4.1
Conjurations   | 2 |  2.0
Invocations    | 1 |  1.4
Evocations     | |  0.9

Action                   |  1- 3 |  4- 6 |  7- 9 || total
-------------------------+-------+-------+-------++-------
Melee: Dagger            |    35 |    42 |    41 ||   118
       Constrict         |    10 |    12 |    18 ||    40
       Tentacles         |     4 |     8 |     3 ||    15
       Short sword       |       |       |    41 ||    41
Throw: Dart              |     8 |    30 |    26 ||    64
       Javelin           |       |       |     2 ||     2
       Throwing net      |       |       |     1 ||     1
 Cast: Sting             |    34 |    26 |    19 ||    79
       Poisonous Vapours |    12 |    11 |     7 ||    30
       Olgreb's Toxic Ra |       |     1 |    28 ||    29
       Mephitic Cloud    |       |     1 |     3 ||     4
Evoke: Wand              |       |       |     1 ||     1
  Use: Scroll            |     3 |     2 |     1 ||     6
       Potion            |       |     2 |     3 ||     5
 Stab: Sleeping          |     2 |     2 |     3 ||     7
       Confused          |       |     1 |     1 ||     2
       Paralysed         |       |       |     2 ||     2
Armor: Skin              |     2 |     1 |     2 ||     5
Dodge: Dodged            |    38 |    44 |    66 ||   148
Block: Buckler           |     2 |     9 |    16 ||    27
